Map: Radhuset Station LE

Players

SubN

  • Race: Zerg Zerg
  • League: Diamond
  • Spawn Location: 1:00

jacksnojj - Winner!

  • Race: Protoss Protoss
  • League: Platinum
  • Spawn Location: 7:00

VOD

Have the link to the VOD?

Description

Time

  • Played on: Dec. 22, 2023, 5 p.m.
  • Length: 2:35
Show
View Real Time Build Order
Export as new Build Order

SubN Zerg 

Build Orders: Hatch First 

Get SALT Encoding   

  12  0:00  Drone  
  13  0:12  Overlord  
  13  0:17  Drone  
  14  0:30  Drone x2  
  16  0:50  Hatchery  
  16  0:54  Drone  
  16  0:55  Drone  
  17  0:59  Drone  
  17  1:02  Extractor  
  17  1:16  Spawning Pool  
  16  1:19  Drone  
  16  1:23  Drone  
  18  1:27  Drone  
  19  1:38  Drone  
  20  1:49  Overlord  
  20  2:11  Roach Warren  
  19  2:29  Spine Crawler  
  18  2:31  Spine Crawler  
  18  2:35  Spine Crawler  
Show
View Real Time Build Order
Export as new Build Order

jacksnojj Protoss - Winner!

Build Orders:  

Get SALT Encoding   

  12  0:00  Probe  
  13  0:12  Probe  
  14  0:22  Pylon  
  14  0:25  Probe  
  15  0:40  Probe  
  16  0:45  Forge  
  16  1:07  Pylon  
  16  1:09  Pylon  
  16  1:26  Photon Cannon  
  16  1:28  Gateway  
  16  1:32  Photon Cannon  
  16  1:35  Assimilator  
  16  1:46  Pylon  
  16  2:05  Photon Cannon  
  16  2:06  Photon Cannon  
  16  2:12  Photon Cannon  
  16  2:29  Cybernetics Core  
Tags
 
Add a new tag
Caveats
  • Supply blocks, unpowered buildings, or Contaminate may cause inaccurate times.
  • Supply counts are checked every 10 seconds.